 Dungeon Crawl Stone Soup version 0.28-a0-1504-g839a4452db (webtiles) character file.

Game seed: 3232504238824396578

54 Cheeritup the Ruffian (level 3, 0/29 HPs)
             Began as a Draconian Transmuter on Jan 13, 2022.
             Slain by an adder (4 damage)
             ... on level 2 of the Dungeon.
             The game lasted 00:02:35 (1534 turns).

Cheeritup the Ruffian (Draconian Transmuter)        Turns: 1534, Time: 00:02:36

Health: 0/29       AC:  5    Str: 12    XL:     3   Next: 66%
Magic:  6/6        EV: 12    Int: 15    God:
Gold:   51         SH:  0    Dex: 11    Spells: 0/6 levels left

rFire   . . .      SeeInvis .     - Unarmed
rCold   . . .      Faith    .   (no shield)
rNeg    . . .      Spirit   .   (armour unavailable)
rPois   .          Reflect  .   (helmet currently unavailable)
rElec   .          Harm     .   (no cloak)
rCorr   .          Rampage  .   (no gloves)
Will    .....                   (boots currently unavailable)
Stlth   +.........              (no amulet)
HPRegen 0.09/turn               (no ring)
MPRegen 0.10/turn               (no ring)

@: lethally poisoned (0 -> -4), appendages (expiring)
A: horns 2, talons 2, AC +5, unfitting armour, cold-blooded
a: End Transformation


You were on level 2 of the Dungeon.
You had temporarily grown beastly horns and talons.
You visited 1 branch of the dungeon, and saw 2 of its levels.

You collected 51 gold pieces.

Inventory:

Missiles
 e - 3 throwing nets
Scrolls
 a - 2 scrolls of enchant weapon {unknown}
 b - a scroll of noise {unknown}
 c - a scroll of teleportation {unknown}
 d - a scroll of acquirement {unknown}
 f - a scroll of holy word {unknown}
Potions
 g - a potion of curing {unknown}


   Skills:
 + Level 2.0 Fighting
 - Level 1.7 Dodging
 * Level 3.7 Unarmed Combat
 - Level 2.0 Spellcasting
 * Level 3.0 Transmutations


You couldn't memorise any spells.
You knew the following spells:

 Your Spells              Type           Power      Damage    Failure   Level
a - Beastly Appendage     Tmut           20%        N/A       6%          1
b - Wereblood             Tmut           10%        N/A       10%         2
c - Spider Form           Tmut/Pois      6%         N/A       34%         3

Your spell library contained the following spells:

 Spells                   Type           Power      Damage    Failure   Level
 Ice Form                 Ice/Tmut       6%         N/A       75%         4
 Fulminant Prism          Conj/Hex       0%         3d6       91%         4
 Iskenderun's Mystic Bla  Conj/Tloc      1%         2d3       91%         4
 Lee's Rapid Deconstruct  Erth           0%         3d5*      99%         5


Dungeon Overview and Level Annotations

Branches:
Dungeon (2/15)

Altars:


Innate Abilities, Weirdness & Mutations

You have temporarily grown beastly horns and talons.
Your plain brown scales are hard. (AC +5)
You cannot fit into any form of body armour.
You are cold-blooded and may be slowed by cold attacks.


Message History

You grow a pair of large bovine horns.
Your feet morph into talons.
The adder hisses angrily.
A kobold comes into view. It is wielding a +0 whip.
The kobold shouts!
The kobold moves out of view.
Found a +0 whip.
You closely miss the adder. Your kick misses the adder.
The adder barely misses you.
You closely miss the adder. Your kick misses the adder.
Your tail-slap misses the adder.
The adder misses you.
You hit the adder but do no damage.
Your tail-slap misses the adder.
The adder bites you.
You are poisoned.
The adder poisons you! The kobold hits you with a +0 hand axe.
You closely miss the adder. Your headbutt misses the adder.
You feel sick. The adder misses you. The kobold hits you but does no damage.
You closely miss the adder. Your kick misses the adder.
Your headbutt misses the adder.
Your transformation is almost over.
You feel sick. The adder closely misses you. The adder barely misses you.
You hit the adder but do no damage.
You feel sick. The adder barely misses you.
The kobold hits you with a +0 hand axe.
You closely miss the adder. Your kick misses the adder.
Your headbutt misses the adder.
You feel sick. The adder bites you.
You are more poisoned.
The adder poisons you! The kobold closely misses you.
The kobold hits you but does no damage.
You are too injured to fight recklessly!
You closely miss the adder. Your kick misses the adder.
You feel sick. The adder bites you. The kobold hits you with a +0 whip.
* * * LOW HITPOINT WARNING * * *
The kobold closely misses you.
You hit the adder.
The adder is heavily wounded.
* * * LOW HITPOINT WARNING * * *
You feel sick. The adder closely misses you.
The kobold hits you with a +0 whip.
* * * LOW HITPOINT WARNING * * *
The adder bites you.
You die...

######## #......#
#.####.# ####
#.####.# #.. #
#.#....# #.# ###.##
#.#.#..####.##.....#
#............KK##).##
###.#######..@S......
#.# #####.##.#. #.#
.. #.# ... #.# ...
#.# .. #.# # #.#
###.#


You could see an adder and 2 kobolds.

Vanquished Creatures
  3 gnolls (D:2)
  4 endoplasms
  A goblin (D:2)
  3 hobgoblins
  A kobold (D:1)
  2 quokkas
  5 ball pythons
  3 bats (D:1)
  2 frilled lizards (D:1)
  2 rats
26 creatures vanquished.

Notes
Turn   | Place    | Note
-------+----------+-------------------------------------------
     0 | D:1      | Cheeritup the Draconian Transmuter began the quest for the
                  | Orb.
     0 | D:1      | Reached XP level 1. HP: 16/16 MP: 3/3
   236 | D:1      | Found a faded altar of an unknown god.
   366 | D:1      | Reached XP level 2. HP: 20/23 MP: 3/5
   369 | D:1      | Learned a level 2 spell: Wereblood
  1083 | D:2      | Reached XP level 3. HP: 17/29 MP: 2/6
  1422 | D:2      | Learned a level 3 spell: Spider Form
  1534 | D:2      | Slain by an adder

Illustrated notes

Levels and vault maps discovered:
D:1:      dpeg_arrival_pond, layout_basic, shapermc_ecumenical_altar_notcrosses,
          minmay_misc_feat_secret_circle
D:2:      layout_loops_cross, basic_altar, uniq_jessica

Skill      XL: |  1  2  3 |
---------------+----------+-----
Fighting       | 2 |  2.0
Transmutations | 3 |  3.0
Dodging        | |  1.7
Unarmed Combat | |  3.7
Spellcasting   | |  2.0

Action                   || total
-------------------------++-------
Melee: Unarmed           ||    64
       Kick              ||    11
       Headbutt          ||     4
       Tailslap          ||    10
       Punch             ||     1
 Cast: Beastly Appendage ||    20
       Wereblood         ||     1
 Stab: Sleeping          ||     1
Armor: Skin              ||    22
Dodge: Dodged            ||    58

Table legend: (Time is in decaauts)
 A = Elapsed time spent in this place.
 B = Non-inter-level travel time spent in this place.
 C = Inter-level travel time spent in this place.
 D = Time resting spent in this place.
 E = Time spent auto-exploring this place.
 F = Levels seen in this place.
 G = Mean time per level.
                   A        B        C        D        E       F      G
               +--------+--------+--------+--------+--------+-----+--------+
         Total |   1532 |   1489 |     43 |    312 |    985 |   2 |  766.0 |
       Dungeon |   1532 |   1489 |     43 |    312 |    985 |   2 |  766.0 |
               +--------+--------+--------+--------+--------+-----+--------+

Top non-repeatable levels by time:
     D:1: 1073 daAuts
     D:2: 458 daAuts
